PAA
ASHEVILLE HIGHLANDERS @ MINNESOTA LOONS
08/25/2032
 
TOP OF THE 1ST
Asheville Highlanders batting - Pitching for Minnesota Loons : LHP Steve Tedder
Pitching: LHP Steve Tedder
Batting: LHB Edward Woodstock 0-0: Swinging Strike
0-1: Ball
1-1: Foul Ball, location: 2F
1-2: Strikes out looking
Batting: RHB Ed Lastinger 0-0: Ball
1-0: Ball
2-0: Fly out, F8 (Flyball, 8RD)
Batting: RHB Arturo Scantlebury 0-0: Called Strike
0-1: Ball
1-1: Swinging Strike
1-2: Strikes out swinging
Top of the 1st over - 0 runs, 0 hits, 0 errors, 0 left on base; Asheville 0 - Minnesota 0
BOTTOM OF THE 1ST
Minnesota Loons batting - Pitching for Asheville Highlanders : RHP Javier Contreras
Pitching: RHP Javier Contreras
Batting: RHB Héctor Espiga 0-0: Ball
1-0: Ball
2-0: Ball
3-0: Called Strike
3-1: Base on Balls
Batting: RHB Leonardo Medina 0-0: Foul Ball, location: 2F
0-1: SINGLE (Groundball, 6MD)
Héctor Espiga to second
Runner from 2nd tries for 3rd, SAFE, no throw
Batting: RHB Júlio Vargas 0-0: SINGLE (Line Drive, 8RS)
Héctor Espiga scores
Leonardo Medina to second
Runner from 2nd tries for 3rd, SAFE, no throw
Batting: RHB Gilberto Rodríguez 0-0: Called Strike
0-1: Ball
1-1: Swinging Strike
1-2: Ball
2-2: Fly out, F4 (Popup, 4MD)
Batting: RHB Ramón Yniguez 0-0: Called Strike
0-1: Swinging Strike
0-2: Ball
1-2: Strikes out swinging
Batting: RHB Jimmy Fick 0-0: Ground out 1-3 (Groundball, 13S)
Bottom of the 1st over - 1 run, 2 hits, 0 errors, 2 left on base; Asheville 0 - Minnesota 1
TOP OF THE 2ND
Asheville Highlanders batting - Pitching for Minnesota Loons : LHP Steve Tedder
Batting: SHB Tony Walsh 0-0: Ball
1-0: Called Strike
1-1: Ball
2-1: Fly out, F8 (Flyball, 89S)
Batting: RHB Craig Tricket 0-0: Called Strike
0-1: Foul Ball, location: 2F
0-2: Ball
1-2: Ball
2-2: Ball
3-2: Foul Ball, location: 2F
3-2: Base on Balls
Batting: SHB Tom Dickinson 0-0: Called Strike
0-1: Ball
1-1: Ball
2-1: 2-RUN HOME RUN (Flyball, 78XD), Distance : 390 ft
Batting: SHB Jeffery Simpson 0-0: Called Strike
0-1: Called Strike
0-2: Ball
1-2: Fly out, F9 (Line Drive, 89D)
Batting: RHB Yves Girard 0-0: Ground out 5-3 (Groundball, 5)
Top of the 2nd over - 2 runs, 1 hit, 0 errors, 0 left on base; Asheville 2 - Minnesota 1
BOTTOM OF THE 2ND
Minnesota Loons batting - Pitching for Asheville Highlanders : RHP Javier Contreras
Batting: LHB Rim Hong-Do 0-0: Ball
1-0: Ground out 1-3 (Groundball, 13)
Batting: RHB Rubén Medina 0-0: Called Strike
0-1: Foul Ball, location: 2F
0-2: Ball
1-2: Foul Ball, location: 2F
1-2: Ball
2-2: Ball
3-2: Base on Balls
Batting: RHB Joe Ferguson 0-0: Called Strike
0-1: Called Strike
0-2: Ball
1-2: Strikes out swinging
Batting: RHB Héctor Espiga 0-0: Ball
1-0: Ball
2-0: Ball
3-0: Base on Balls
Rubén Medina to second
Batting: RHB Leonardo Medina 0-0: SINGLE (Line Drive, 34)
Rubén Medina to third
Héctor Espiga to second
Runner from 3rd tries for Home, throw and OUT!
Bottom of the 2nd over - 0 runs, 1 hit, 0 errors, 2 left on base; Asheville 2 - Minnesota 1
TOP OF THE 3RD
Asheville Highlanders batting - Pitching for Minnesota Loons : LHP Steve Tedder
Batting: RHB Harley Whitfield 0-0: Ball
1-0: SINGLE (Groundball, 56S) (infield hit)
Batting: LHB Edward Woodstock 0-0: Ball
1-0: Ball
2-0: Called Strike
2-1: Ball
3-1: Base on Balls
Harley Whitfield to second
Batting: RHB Ed Lastinger 0-0: Ball
1-0: Ball
2-0: Fielders Choice at 2nd, 3-6 (Groundball, 34)
Harley Whitfield to third
Batting: RHB Arturo Scantlebury 0-0: Called Strike
Ed Lastinger is caught stealing 2nd base
0-1: Ball
1-1: SINGLE (Groundball, 6D)
Harley Whitfield scores
Batting: SHB Tony Walsh 0-0: Ball
1-0: Ball
2-0: Ball
3-0: Base on Balls
Arturo Scantlebury to second
Batting: RHB Craig Tricket 0-0: Ball
1-0: Swinging Strike
1-1: SINGLE (Groundball, 6MD)
Arturo Scantlebury to third
Tony Walsh to second
Runner from 3rd tries for Home, SAFE, no throw
Batting: SHB Tom Dickinson 0-0: Swinging Strike
0-1: Ball
1-1: Ball
2-1: Ball
3-1: SINGLE (Groundball, 6MD)
Tony Walsh to third
Craig Tricket to second
Runner from 3rd tries for Home, SAFE, no throw
Batting: SHB Jeffery Simpson 0-0: Called Strike
0-1: Ball
1-1: Ball
2-1: SINGLE (Line Drive, 9LS)
Craig Tricket to third
Tom Dickinson to second
Batting: RHB Yves Girard 0-0: Ball
1-0: Ball
2-0: Ball
3-0: Called Strike
3-1: Foul Ball, location: 2F
3-2: Foul Ball, location: 2F
3-2: Strikes out swinging
Top of the 3rd over - 3 runs, 5 hits, 0 errors, 3 left on base; Asheville 5 - Minnesota 1
BOTTOM OF THE 3RD
Minnesota Loons batting - Pitching for Asheville Highlanders : RHP Javier Contreras
Batting: RHB Júlio Vargas 0-0: Called Strike
0-1: Ball
1-1: Called Strike
1-2: Ball
2-2: Foul Ball, location: 2F
2-2: Ball
3-2: Foul Ball, location: 2F
3-2: Foul Ball, location: 2F
3-2: Base on Balls
Batting: RHB Gilberto Rodríguez 0-0: Grounds into double play, 6-4-3 (Groundball, 6)
Batting: RHB Ramón Yniguez 0-0: Ball
1-0: Called Strike
1-1: Foul Ball, location: 2F
1-2: Strikes out looking
Bottom of the 3rd over - 0 runs, 0 hits, 0 errors, 0 left on base; Asheville 5 - Minnesota 1
TOP OF THE 4TH
Asheville Highlanders batting - Pitching for Minnesota Loons : LHP Steve Tedder
Batting: RHB Harley Whitfield 0-0: Ball
1-0: Ball
2-0: Fly out, F8 (Flyball, 8RD)
Batting: LHB Edward Woodstock 0-0: Ball
1-0: Ground out 6-3 (Groundball, 6)
Batting: RHB Ed Lastinger 0-0: Called Strike
0-1: Ball
1-1: Ball
2-1: Ball
3-1: Swinging Strike
3-2: Base on Balls
Batting: RHB Arturo Scantlebury 0-0: Foul Ball, location: 2F
0-1: SINGLE (Groundball, 6MD)
Ed Lastinger to second
Runner from 2nd tries for 3rd, SAFE, no throw
Batting: SHB Tony Walsh Pickoff Throw to First - Out!
Top of the 4th over - 0 runs, 1 hit, 0 errors, 1 left on base; Asheville 5 - Minnesota 1
BOTTOM OF THE 4TH
Minnesota Loons batting - Pitching for Asheville Highlanders : RHP Javier Contreras
Batting: RHB Jimmy Fick 0-0: Called Strike
0-1: Ball
1-1: Foul Ball, location: 2F
1-2: Foul Ball, location: 2F
1-2: Ball
2-2: Ball
3-2: SOLO HOME RUN (Flyball, 9LD), Distance : 357 ft
Batting: LHB Rim Hong-Do 0-0: Ball
1-0: Ground out 5-3 (Groundball, 5)
Batting: RHB Rubén Medina 0-0: Ball
1-0: Ground out 3-1 (Groundball, 34S)
Batting: RHB Joe Ferguson 0-0: Ball
1-0: Called Strike
1-1: Ball
2-1: SINGLE (Groundball, 4MD)
Batting: RHB Héctor Espiga 0-0: SINGLE (Line Drive, 78M)
Joe Ferguson to second
Batting: RHB Leonardo Medina 0-0: Called Strike
0-1: Ball
1-1: Called Strike
1-2: Ball
2-2: Foul Ball, location: 2F
2-2: SINGLE (Groundball, 6D)
Joe Ferguson to third
Héctor Espiga to second
Runner from 3rd tries for Home, SAFE, throw made home
Batting: RHB Júlio Vargas 0-0: Called Strike
0-1: Foul Ball, location: 2F
0-2: Ground out 4-3 (Groundball, 4)
Bottom of the 4th over - 2 runs, 4 hits, 0 errors, 2 left on base; Asheville 5 - Minnesota 3
TOP OF THE 5TH
Asheville Highlanders batting - Pitching for Minnesota Loons : LHP Steve Tedder
Batting: SHB Tony Walsh 0-0: Ball
1-0: Swinging Strike
1-1: Foul Ball, location: 2F
1-2: Strikes out swinging, 2-3 out at first.
Batting: RHB Craig Tricket 0-0: Swinging Strike
0-1: Ground out 4-3 (Groundball, 4)
Batting: SHB Tom Dickinson 0-0: Ball
1-0: Foul Ball, location: 2F
1-1: Foul Ball, location: 2F
1-2: Ball
2-2: Foul Ball, location: 2F
2-2: Foul Ball, location: 2F
2-2: Strikes out looking
Top of the 5th over - 0 runs, 0 hits, 0 errors, 0 left on base; Asheville 5 - Minnesota 3
BOTTOM OF THE 5TH
Minnesota Loons batting - Pitching for Asheville Highlanders : RHP Javier Contreras
Batting: RHB Gilberto Rodríguez 0-0: Called Strike
0-1: Ball
1-1: Foul Ball, location: 2F
1-2: Ball
2-2: Ball
3-2: Ground out 5-3 (Groundball, 5L)
Batting: RHB Ramón Yniguez 0-0: Ball
1-0: Foul Ball, location: 2F
1-1: DOUBLE (Line Drive, 7LM)
Batting: RHB Jimmy Fick 0-0: Ball
1-0: Called Strike
1-1: Foul Ball, location: 2F
1-2: Fly out, F9 (Line Drive, 9D)
Runner from 2nd tags up, SAFE at 3rd, no throw
Batting: LHB Rim Hong-Do 0-0: Foul Ball, location: 2F
0-1: Fly out, F8 (Flyball, 8LD)
Bottom of the 5th over - 0 runs, 1 hit, 0 errors, 1 left on base; Asheville 5 - Minnesota 3
TOP OF THE 6TH
Asheville Highlanders batting - Pitching for Minnesota Loons : LHP Steve Tedder
Batting: SHB Jeffery Simpson 0-0: Called Strike
0-1: Swinging Strike
0-2: SINGLE (Groundball, 6MD)
Pitching: RHP Ronald Beedy
Batting: RHB Yves Girard 0-0: Bunted foul
0-1: Bunted foul
0-2: Fly out, F5 (Popup, 56)
Batting: RHB Harley Whitfield 0-0: Called Strike
0-1: Foul Ball, location: 2F
0-2: Ball
1-2: Foul Ball, location: 2F
1-2: Fly out, F7 (Flyball, 7LMF)
Batting: LHB Edward Woodstock 0-0: Ball
1-0: Ball
2-0: Ball
3-0: Base on Balls
Jeffery Simpson to second
Batting: RHB Ed Lastinger 0-0: Called Strike
0-1: Ball
1-1: Foul Ball, location: 2F
1-2: Strikes out swinging
Top of the 6th over - 0 runs, 1 hit, 0 errors, 2 left on base; Asheville 5 - Minnesota 3
BOTTOM OF THE 6TH
Minnesota Loons batting - Pitching for Asheville Highlanders : RHP Javier Contreras
Batting: RHB Rubén Medina 0-0: Ball
1-0: Ball
2-0: Ground out 6-3 (Groundball, 6M)
Batting: RHB Joe Ferguson 0-0: Ball
1-0: Called Strike
1-1: Called Strike
1-2: Fly out, F9 (Flyball, 9)
Batting: RHB Héctor Espiga 0-0: Swinging Strike
0-1: Ball
1-1: Foul Ball, location: 2F
1-2: Ball
2-2: Ball
3-2: Ground out 5-3 (Groundball, 56S)
Bottom of the 6th over - 0 runs, 0 hits, 0 errors, 0 left on base; Asheville 5 - Minnesota 3
TOP OF THE 7TH
Asheville Highlanders batting - Pitching for Minnesota Loons : RHP Ronald Beedy
Batting: RHB Arturo Scantlebury 0-0: Ball
1-0: Called Strike
1-1: Ball
2-1: Ball
3-1: Called Strike
3-2: Strikes out looking
Batting: SHB Tony Walsh 0-0: Called Strike
0-1: SINGLE (Groundball, 34D)
Batting: RHB Craig Tricket 0-0: Called Strike
0-1: SINGLE (Groundball, 56D)
Tony Walsh to second
Batting: SHB Tom Dickinson 0-0: Swinging Strike
0-1: Ball
1-1: Swinging Strike
1-2: DOUBLE (Line Drive, 89M)
Tony Walsh scores
Craig Tricket to third
Runner from 3rd tries for Home, SAFE, no throw
Batting: SHB Jeffery Simpson 0-0: Intentional Walk
Pitching: RHP Martyn Drdio
Batting: RHB Yves Girard 0-0: Ball
1-0: Foul Ball, location: 2F
1-1: Ground out 6-3 (Groundball, 6S)
Tom Dickinson to third
Jeffery Simpson to second
Batting: RHB Harley Whitfield 0-0: Foul Ball, location: 2F
0-1: Swinging Strike
0-2: Ball
1-2: Strikes out swinging
Top of the 7th over - 2 runs, 3 hits, 0 errors, 2 left on base; Asheville 7 - Minnesota 3
BOTTOM OF THE 7TH
Minnesota Loons batting - Pitching for Asheville Highlanders : RHP Javier Contreras
Pitching: LHP Marvin Wasmund
Batting: RHB Leonardo Medina 0-0: SINGLE (Line Drive, 8LS)
Batting: RHB Júlio Vargas 0-0: Called Strike
0-1: Ball
1-1: Called Strike
1-2: Foul Ball, location: 2F
1-2: Foul Ball, location: 2F
1-2: Strikes out looking
Batting: RHB Gilberto Rodríguez 0-0: Called Strike
0-1: Ball
1-1: Called Strike
1-2: Foul Ball, location: 2F
1-2: Ball
2-2: 2-RUN HOME RUN (Flyball, 7D), Distance : 357 ft
Pitching: LHP Todd Serrano
Batting: RHB Ramón Yniguez 0-0: Fly out, F8 (Flyball, 8LD)
Batting: RHB Jimmy Fick 0-0: Foul Ball, location: 2F
0-1: Ball
1-1: Called Strike
1-2: Ball
2-2: Foul Ball, location: 2F
2-2: Ground out 3-1 (Groundball, 34)
Bottom of the 7th over - 2 runs, 2 hits, 0 errors, 0 left on base; Asheville 7 - Minnesota 5
TOP OF THE 8TH
Asheville Highlanders batting - Pitching for Minnesota Loons : RHP Martyn Drdio
Batting: LHB Edward Woodstock 0-0: Swinging Strike
0-1: Ball
1-1: Ball
2-1: Foul Ball, location: 2F
2-2: Strikes out swinging
Batting: RHB Ed Lastinger 0-0: Ball
1-0: Ball
2-0: Ball
3-0: Called Strike
3-1: Foul Ball, location: 2F
3-2: Foul Ball, location: 2F
3-2: SINGLE (Line Drive, 89S)
Batting: RHB Arturo Scantlebury 0-0: Ball
1-0: Foul Ball, location: 2F
1-1: Ball
2-1: Ball
3-1: Base on Balls
Ed Lastinger to second
Batting: SHB Tony Walsh 0-0: Called Strike
0-1: Ball
1-1: Called Strike
1-2: SINGLE (Groundball, 34D)
Ed Lastinger to third
Arturo Scantlebury to second
Runner from 3rd tries for Home, SAFE, no throw
Batting: RHB Craig Tricket 0-0: Ball
1-0: Foul Ball, location: 2F
1-1: Called Strike
1-2: Fly out, F7 (Flyball, 7)
Batting: SHB Tom Dickinson 0-0: SINGLE (Groundball, 56D)
Arturo Scantlebury to third
Tony Walsh to second
Runner from 3rd tries for Home, SAFE, no throw
Batting: SHB Jeffery Simpson 0-0: Ball
1-0: Swinging Strike
1-1: Foul Ball, location: 2F
1-2: Ball
2-2: Foul Ball, location: 2F
2-2: Strikes out swinging
Top of the 8th over - 2 runs, 3 hits, 0 errors, 2 left on base; Asheville 9 - Minnesota 5
BOTTOM OF THE 8TH
Minnesota Loons batting - Pitching for Asheville Highlanders : LHP Todd Serrano
Batting: LHB Rim Hong-Do 0-0: Ball
1-0: Ball
2-0: Called Strike
2-1: Ball
3-1: Fly out, F9 (Line Drive, 9S)
Batting: RHB Rubén Medina 0-0: Foul Ball, location: 2F
0-1: Foul Ball, location: 2F
0-2: Ball
1-2: Ball
2-2: Ball
3-2: Foul Ball, location: 2F
3-2: Fly out, F9 (Flyball, 9)
Batting: RHB Joe Ferguson 0-0: Ball
1-0: Ball
2-0: Ground out 5-3 (Groundball, 5)
Bottom of the 8th over - 0 runs, 0 hits, 0 errors, 0 left on base; Asheville 9 - Minnesota 5
TOP OF THE 9TH
Asheville Highlanders batting - Pitching for Minnesota Loons : RHP Martyn Drdio
Batting: RHB Yves Girard 0-0: Ball
1-0: Ball
2-0: Foul Ball, location: 2F
2-1: Called Strike
2-2: SINGLE (Groundball, 56D)
Batting: RHB Harley Whitfield 0-0: Sac Bunt - play at first, batter OUT! 3-4
Yves Girard to second
Batting: LHB Edward Woodstock 0-0: Ball
1-0: Called Strike
1-1: Ball
2-1: Foul Ball, location: 2F
2-2: Fly out, F5 (Popup, 25F)
Batting: RHB Ed Lastinger 0-0: Fly out, F3 (Line Drive, 3S)
Top of the 9th over - 0 runs, 1 hit, 0 errors, 1 left on base; Asheville 9 - Minnesota 5
BOTTOM OF THE 9TH
Minnesota Loons batting - Pitching for Asheville Highlanders : LHP Todd Serrano
Batting: RHB Héctor Espiga 0-0: Ball
1-0: Called Strike
1-1: Ball
2-1: Called Strike
2-2: Strikes out swinging
Batting: RHB Leonardo Medina 0-0: Called Strike
0-1: Ball
1-1: Fly out, F5 (Popup, 15)
Batting: RHB Júlio Vargas 0-0: Ball
1-0: Fly out, F8 (Flyball, 78M)
Bottom of the 9th over - 0 runs, 0 hits, 0 errors, 0 left on base; Asheville 9 - Minnesota 5
Wednesday, September 19th, 2018 - OOTP Baseball 18.8 Build 76